 Dungeon Crawl Stone Soup version 0.21.1-1-g345015f (webtiles) character file.

38 diana the Insei (level 3, -1/26 HPs)
             Began as a Merfolk Transmuter on May 31, 2018.
             Slain by an orc
             ... wielding a +0 club
              (3 damage)
             ... on level 3 of the Dungeon.
             The game lasted 00:03:24 (1338 turns).

diana the Insei (Merfolk Transmuter)                Turns: 1338, Time: 00:03:28

Health: -1/26      AC:  2    Str: 11    XL:     3   Next: 43%
Magic:  6/6        EV: 13    Int: 12    God:
Gold:   109        SH:  0    Dex: 14    Spells: 5/6 levels left

rFire    . . .     SeeInvis .     - Unarmed
rCold    . . .     Gourm    .   (no shield)
rNeg     . . .     Faith    .   b - +0 robe
rPois    .         Spirit   .   (no helmet)
rElec    .         Reflect  .   (no cloak)
rCorr    .         Harm     .   (no gloves)
MR       .....                  (no boots)
Stlth    +.........             (no amulet)
HPRegen  0.08/turn              (no ring)
MPRegen  0.10/turn              (no ring)

@: lethally poisoned (-1 -> -7), appendage, flying
A: change form in water, swift swim, stealthy swim, horns 2
a: End Transformation


You were on level 3 of the Dungeon.
You were hungry.
You had grown temporary horns.
You visited 1 branch of the dungeon, and saw 3 of its levels.

You collected 109 gold pieces.

Inventory:

Missiles
 a - 12 arrows
Armour
 b - a +0 robe (worn)
 k - a +0 buckler
Wands
 l - a wand of acid (7)
Scrolls
 f - a scroll of remove curse {unknown}
 h - a scroll of enchant weapon {unknown}
 i - a scroll of blinking {unknown}
 j - a scroll of identify {unknown}
Potions
 e - a potion of might {unknown}
 g - a potion of flight
 m - a potion of degeneration {unknown}
Books
 c - a book of Changes

   Spells                             Type                      Level
   a - Beastly Appendage              Transmutation                1
   b - Sticks to Snakes               Transmutation                2
   c - Spider Form                    Transmutation/Poison         3
   d - Ice Form                       Ice/Transmutation            4
   e - Blade Hands                    Transmutation                5
Comestibles
 d - 4 rations


   Skills:
 - Level 1.1 Fighting
 + Level 3.3 Dodging
 * Level 4.2 Unarmed Combat
 - Level 2.0 Spellcasting
 + Level 3.3 Transmutations


You had 5 spell levels left.
You knew the following spells:

 Your Spells              Type           Power        Failure   Level  Hunger
a - Beastly Appendage     Tmut           #.....       7%          1    ##.....


Dungeon Overview and Level Annotations

Branches:
Dungeon (3/15)

Altars:
Okawaru


Innate Abilities, Weirdness & Mutations

You revert to your normal form in water.
You are very nimble and swift while swimming.
You are very stealthy in the water. (Stealth+)
You have a pair of horns on your head.


Message History

An orc wizard comes into view. It is wielding a dagger.
The orc wizard shouts!
You hit the orc.
You kill the orc!
The orc wizard looks encouraged for a moment.
You hit the orc wizard.
The orc wizard is lightly wounded.
You feel sick. The orc wizard hits you with a dagger.
* * * LOW HITPOINT WARNING * * *
You hit the orc wizard. You headbutt the orc wizard.
The orc wizard is severely wounded.
A giant cockroach comes into view.
It was a potion of flight.
You feel very buoyant.
You fly up into the air.
* * * LOW HITPOINT WARNING * * *
You feel sick. The orc wizard closely misses you.
The orc wizard mumbles some strange words.
The orc wizard seems to speed up.
The orc hits you with a club.
You die...

#.##.# #.##.#
.#####.##.# #
.......##.#### #.
#..)....# # #.###
#####.##.##.# #. ...#
#.....##<# #.#
#.####.######.# ##...
#o@...........#
.....###o####.########
#.....# #.# ###o###
#.# #..# #.# ###s##
#.. #>..# ### ##..#
#.8....oo....


You could see 2 orc wizards, an orc and a giant cockroach (wandering).

Vanquished Creatures
  An adder (D:3)
  A leopard gecko (D:1)
  An orc (D:3)
  A giant cockroach (D:1)
  2 goblins (D:1)
  5 hobgoblins (D:1)
  2 kobolds
  5 bats (D:1)
  7 frilled lizards
  3 rats
28 creatures vanquished.

Notes
Turn   | Place    | Note
-------+----------+-------------------------------------------
     0 | D:1      | diana the Merfolk Transmuter began the quest for the Orb.
     0 | D:1      | Reached XP level 1. HP: 15/15 MP: 3/3
   102 | D:1      | Reached XP level 2. HP: 12/21 MP: 5/5
   879 | D:2      | Reached skill level 4 in Unarmed Combat
   879 | D:2      | Reached XP level 3. HP: 25/26 MP: 4/6
  1316 | D:3      | Found an iron altar of Okawaru.
  1338 | D:3      | Slain by an orc

Skill      XL: |  1  2 |
---------------+-------+-----
Dodging        | 3 |  3.3
Transmutations | 3 |  3.3
Unarmed Combat | 4 |  4.2
Fighting       | |  1.1
Spellcasting   | |  2.0

Action                   || total
-------------------------++-------
Melee: Unarmed           ||    80
       Headbutt          ||    10
 Cast: Beastly Appendage ||    15
  Use: Potion            ||     1
 Stab: Sleeping          ||     2
  Eat: Chunk             ||     1
Armor: Robe              ||    13
Dodge: Dodged            ||    50
